 Dungeon Crawl Stone Soup version 0.29.1-13-g9f3cf754e1 (webtiles) character file.

Game seed: 8894166362903534137

20935 javelincjr the Thaumaturge (level 13, -4/74 HPs)
             Began as a Djinni Hedge Wizard on Jan 24, 2023.
             Was a High Priest of Hepliaklqana.
             Slain by a very large slime creature (57 damage)
             ... in an ice cave.
             The game lasted 01:58:36 (17071 turns).

javelincjr the Thaumaturge (Djinni Hedge Wizard)   Turns: 17071, Time: 01:58:39

Health: -4/74      AC: 14    Str:  9    XL:     13   Next: 16%
Gold:   499        EV: 12    Int: 28    God:    Hepliaklqana [*****.] SH:  0 Dex: 12

rFire   + + +      SeeInvis +   m - +4 long sword (flame)
rCold   x x .      Faith    +   (no shield)
rNeg    . . .      Spirit   .   v - +2 ring mail {rF+}
rPois   ∞          Reflect  .   c - +2 hat
rElec   .          Harm     .   C - +0 cloak
rCorr   .          Rampage  .   N - +2 pair of gloves
Will    +....                   (boots unavailable)
Stlth   ++........              s - amulet of faith
HPRegen 0.22/turn               F - ring of fire
MPRegen 0.00/turn               U - +6 ring of intelligence

@: flying
A: reduced essence, sickness immunity, fire resistance 2, cold vulnerability 1,
float, innate caster, HP casting, extra vitality 1, see invisible, deterioration
1, MP-powered wands
a: Renounce Religion, Recall Ancestor, Ancestor Identity, Transference, Idealise


You were in an ice cave.
You worshipped Hepliaklqana.
Hepliaklqana was extremely pleased with you.
You visited 2 branches of the dungeon, and saw 14 of its levels.
You also visited: Ice Cave.

You collected 691 gold pieces.
You spent 192 gold pieces at shops.

Inventory:

Hand Weapons
 b - a +3 dagger of chaos
 f - a +2 short sword of venom
 m - a +4 long sword of flaming (weapon)
 n - a +1 vampiric short sword
 r - a +3 sling of freezing
 t - a +0 vorpal shortbow
 B - a +2 quarterstaff of chaos
 J - a +1 short sword of draining
Missiles
 D - 4 throwing nets
Armour
 c - a +2 hat (worn)
 o - +0 steam dragon scales
 v - a +2 ring mail of fire resistance (worn)
 A - a +2 robe of positive energy
 C - a +0 cloak (worn)
 N - a +2 pair of gloves (worn)
Magical Staves
 x - a staff of fire
Jewellery
 k - a ring of ice
 s - an amulet of faith (around neck)
 y - a +6 ring of strength
 F - a ring of fire (left hand)
 O - a ring of willpower
 S - a ring of positive energy
 T - a ring of positive energy
 U - a +6 ring of intelligence (right hand)
Wands
 p - a wand of paralysis (13)
 K - a wand of acid (5)
 M - a wand of mindburst (14)
 P - a wand of flame (39)
Scrolls
 a - a scroll of silence
 d - a scroll of summoning
 e - 4 scrolls of teleportation
 j - 2 scrolls of fear
 l - 6 scrolls of identify
 q - 2 scrolls of blinking
 u - a scroll of immolation
 w - 3 scrolls of fog
 E - 3 scrolls of magic mapping
 G - a scroll of poison
 I - a scroll of enchant armour {unknown}
Potions
 g - 6 potions of haste
 h - 2 potions of curing
 i - a potion of berserk rage
 z - 3 potions of heal wounds
 H - 3 potions of degeneration {unknown}
 L - a potion of ambrosia
 Q - a potion of resistance
 R - a potion of invisibility


   Skills:
 + Level 4.1 Fighting
 + Level 0.6(1.2) Short Blades
 + Level 1.6(1.7) Long Blades
 + Level 6.4 Ranged Weapons
 + Level 5.9 Armour
 + Level 5.9 Dodging
 + Level 4.3 Stealth
 + Level 13.0 Spellcasting


You had 8 spell levels left.
You knew the following spells:

 Your Spells              Type           Power      Damage    Failure   Level
a - Magic Dart            Conj           100%       1d8       1%          1
b - Blink                 Tloc           100%       N/A       1%          2
c - Call Imp              Summ           75%        N/A       1%          2
d - Slow                  Hex            100%       N/A       1%          1
e - Conjure Flame         Conj/Fire      95%        6-21      1%          3
f - Mephitic Cloud        Conj/Pois/Air  75%        N/A       1%          3
g - Foxfire               Conj/Fire      100%       2x1d9     1%          1
h - Static Discharge      Conj/Air       75%        3-13/arc  1%          2
i - Stone Arrow           Conj/Erth      100%       3d13      1%          3
j - Frozen Ramparts       Ice            100%       1d16      1%          3
k - Olgreb's Toxic Radia  Pois           75%        N/A       1%          4
l - Silence               Hex/Air        37%        N/A       1%          5
Your spell library was empty.

Dungeon Overview and Level Annotations

Branches:
Dungeon (13/15)            Temple (1/1) D:6            Lair (0/5) D:10
    Orc (0/2) D:9           IceCv (1/1)
 Vaults: D:13-14

Altars:
Ashenzari
Cheibriados
Dithmenos
Elyvilon
Fedhas
Gozag
Hepliaklqana
Makhleb
Nemelex Xobeh
Okawaru
Qazlal
Ru
Trog
Uskayaw
Wu Jian
Xom
Yredelemnul
Zin
The Shining One

Shops:
D:2 =   D:7 ?   D:8 (:

Annotations:
D:9 1 transporter


Innate Abilities, Weirdness & Mutations

Your life essence is reduced to manifest your ancestor. (-10% HP)
You are immune to sickness and miasma.
You are immune to poison.
Your flesh is very heat resistant. (rF++)
You are vulnerable to cold. (rC-)
You float through the air rather than walking.
You learn spells naturally, not from books.
Your magical power is your life essence.
You have superior vitality. (+4 MHP)
You have supernaturally acute eyesight. (SInv)
Your body sometimes deteriorates upon taking damage.
You expend health (3 HP) to strengthen your wands.


Message History

The foxfire hits the very large slime creature.
The very large slime creature is lightly wounded.
Casting: Foxfire (safe; 1% risk of failure)
Confirm with . or Enter, or press ? or * to list all spells.
You feel a surge of power!
You conjure some foxfire!
The foxfire hits the very large slime creature.
The very large slime creature is lightly wounded.
The foxfire hits the very large slime creature!
The very large slime creature is moderately wounded.
Sinnashi hits the very large slime creature with a +0 flail!
Your iron imp hits the very large slime creature.
Casting: Foxfire (safe; 1% risk of failure)
Confirm with . or Enter, or press ? or * to list all spells.
Aiming: Stone Arrow (safe; 1% risk of failure)
Press: ? - help, Shift-Dir - straight line, f - very large slime creature
Aim: a very large slime creature (moderately wounded, not watching you, ally target, 95% to hit)
The stone arrow hits the very large slime creature!!
The very large slime creature is heavily wounded.
The foxfire hits the very large slime creature but does no damage.
The very large slime creature is heavily wounded.
The foxfire hits the very large slime creature.
The very large slime creature is heavily wounded.
Your iron imp hits the very large slime creature!
Casting: Stone Arrow (safe; 1% risk of failure)
Confirm with . or Enter, or press ? or * to list all spells.
Aiming: Stone Arrow (safe; 1% risk of failure)
Press: ? - help, Shift-Dir - straight line, f/p - very large slime creature
Aim: a very large slime creature (heavily wounded, not watching you, ally target, 95% to hit)
The stone arrow hits the very large slime creature!!
The very large slime creature is severely wounded.
Casting: Stone Arrow (safe; 1% risk of failure)
Confirm with . or Enter, or press ? or * to list all spells.
Aiming: Stone Arrow (safe; 1% risk of failure)
Press: ? - help, Shift-Dir - straight line, f/p - very large slime creature
Aim: a very large slime creature (severely wounded, ally target, 95% to hit)
The stone arrow hits the very large slime creature!
The very large slime creature is severely wounded.
The very large slime creature hits you!!!
Ouch! That really hurt!
You die...

..###.....###......#
### ###...........##
## #.........###
.### ###########
...###########
.............##
###...........####
#######........##
###.....@.##
####..J..# ##R...#
.5...# .....##
....### ...### ####


You could see the friendly Sinnashi the knight, a very large slime creature
(ally target) and a friendly iron imp (summoned).

Vanquished Creatures
  A quicksilver ooze (IceCv)
  Erolcha (D:11)
  Harold (D:10)
  3 two-headed ogres
  Erica (D:8)
  The ghost of Yogidamonk the Nimble, a novice DjFE of Makhleb (D:9)
  Pikel (D:5)
  3 deep elf pyromancers
  An ugly thing (D:12)
  Psyche (D:10)
  Maggie (D:7)
  A kobold demonologist (D:12)
  5 slime creatures (IceCv)
  A shadow (D:13)
  2 wyverns
  5 wraiths (D:10)
  7 yaks
  A vampire mosquito (D:11)
  An acid dragon (D:7)
  An orc warrior (D:7)
  A sky beast (D:8)
  A black bear (D:5)
  An ogre (D:6)
  3 great orb of eyes simulacra (IceCv)
  4 centaurs
  A kobold brigand (D:9)
  Blork the orc (D:5)
  A bullfrog (D:7)
  A glowing shapeshifter simulacrum (IceCv)
  2 scorpions
  5 wights (D:7)
  2 killer bees
  3 howler monkeys
  A crimson imp (D:11)
  4 hounds
  Crazy Yiuf (D:5)
  An orc priest (D:8)
  An iron imp (D:11)
  4 iguanas
  4 orc wizards (D:11)
  7 gnolls
  3 adders
  4 white imps (D:13)
  2 ufetubi
  3 worms
  2 dart slugs
  10 orcs
  7 endoplasms
  A giant cockroach (D:1)
  6 hobgoblins
  3 quokkas
  8 ball pythons
  5 bats
  3 frilled lizards
  6 goblins
  8 kobolds
  7 rats
  A foxfire (D:11)
167 creatures vanquished.

Vanquished Creatures (collateral kills)
  A quicksilver ooze (IceCv)
  Josephine (D:10)
  A boulder beetle (D:12)
  An ugly thing (D:11)
  A cyclops (D:11)
  2 ice statues (IceCv)
  4 slime creatures (IceCv)
  Prince Ribbit (D:5)
  A shadow (D:11)
  A centaur simulacrum (D:11)
  A wraith (D:10)
  4 yaks
  A steam dragon (D:8)
  A vampire mosquito (D:11)
  A swamp drake (D:11)
  2 centaurs
  A great orb of eyes simulacrum (IceCv)
  2 ogres (D:7)
  A slime creature simulacrum (IceCv)
  A kobold brigand (D:10)
  3 scorpions
  3 bullfrogs
  A gnoll sergeant (D:9)
  A glowing shapeshifter simulacrum (IceCv)
  5 killer bees
  5 howler monkeys
  An orc priest (D:11)
  2 hounds (D:6)
  A gnoll bouda (D:8)
  An iguana (D:4)
  3 orc wizards
  A shapeshifter simulacrum (IceCv)
  5 gnolls
  2 adders
  A shadow imp (D:6)
  8 white imps (D:13)
  9 orcs
  10 kobolds
91 creatures vanquished.

Vanquished Creatures (others)
  7 knights
  An orc wizard (D:11)
  4 ancestors (D:7)
  A shadow imp (D:11)
  A white imp (D:11)
  6 orcs (D:11)
  337 foxfires
  4 plants (D:10)
361 creatures vanquished.

Grand Total: 619 creatures vanquished

Notes
Turn   | Place    | Note
-------+----------+-------------------------------------------
     0 | D:1      | javelincjr the Djinni Hedge Wizard began the quest for the
                  | Orb.
     0 | D:1      | javelincjr set off with the following spells memorised:
                  | Magic Dart, Blink, Call Imp, Slow, Conjure Flame, Mephitic
                  | Cloud.
     0 | D:1      | Reached XP level 1. HP: 15/15 MP: 0/0
   394 | D:1      | Reached XP level 2. HP: 7/21 MP: 0/0
   829 | D:1      | Reached skill level 3 in Spellcasting
  1030 | D:1      | Reached XP level 3. HP: 14/25 MP: 0/0
  1030 | D:1      | Learned a level 1 spell: Foxfire
  1853 | D:2      | Found a snail-covered altar of Cheibriados.
  1920 | D:2      | Found Haotezej's Jewellery Emporium.
  1985 | D:2      | Identified the +0 chain mail of Wrong Decisions {Str+6
                  | Int-4}
  2126 | D:2      | Found a faded altar of an unknown god.
  2462 | D:3      | Reached XP level 4. HP: 31/31 MP: 0/0
  2509 | D:3      | Reached skill level 1 in Ranged Weapons
  3054 | D:4      | Reached XP level 5. HP: 34/36 MP: 0/0
  3054 | D:4      | Learned a level 2 spell: Static Discharge
  3152 | D:4      | Reached skill level 1 in Fighting
  3152 | D:4      | Reached XP level 6. HP: 31/42 MP: 0/0
  3728 | D:5      | Entered Level 5 of the Dungeon
  3821 | D:5      | Noticed Pikel
  3979 | D:5      | Reached XP level 7. HP: 38/47 MP: 0/0
  3979 | D:5      | Learned a level 3 spell: Stone Arrow
  3983 | D:5      | Reached skill level 4 in Spellcasting
  4134 | D:5      | Noticed Prince Ribbit
  4323 | D:5      | Killed Prince Ribbit
  4452 | D:5      | Found a runed translucent door.
  4453 | D:5      | Noticed Crazy Yiuf
  4466 | D:5      | Killed Crazy Yiuf
  4467 | D:5      | Reached XP level 8. HP: 37/54 MP: 0/0
  4593 | D:5      | Killed Pikel
  4594 | D:5      | Reached skill level 5 in Spellcasting
  4789 | D:5      | Found a blossoming altar of Fedhas.
  4902 | D:5      | Noticed Blork the orc
  4908 | D:5      | Killed Blork the orc
  4911 | D:5      | Reached skill level 6 in Spellcasting
  4911 | D:5      | Reached XP level 9. HP: 36/59 MP: 0/0
  4911 | D:5      | Learned a level 3 spell: Frozen Ramparts
  5414 | D:5      | Found a hazy altar of Hepliaklqana.
  5418 | D:5      | Became a worshipper of Hepliaklqana the Forgotten
  5758 | D:6      | Found a staircase to the Ecumenical Temple.
  5771 | D:6      | Gained mutation: You are frail. (-10% HP) [potion of
                  | mutation]
  5771 | D:6      | Gained mutation: You have hidden genetic defects. [potion
                  | of mutation]
  5814 | Temple   | Entered the Ecumenical Temple
  5998 | D:6      | Reached skill level 5 in Ranged Weapons
  6182 | D:6      | Found a shimmering altar of Xom.
  6452 | D:6      | Reached * piety under Hepliaklqana
  7014 | D:6      | Gained mutation: You occasionally lose the ability to drink
                  | potions when taking damage. [hidden defects]
  7292 | D:7      | Reached skill level 7 in Spellcasting
  7301 | D:7      | Gained mutation: Your body sometimes deteriorates upon
                  | taking damage. [hidden defects]
  7301 | D:7      | Lost mutation: You have hidden genetic defects. [hidden
                  | defects expressed]
  7961 | D:7      | Found an opulent altar of Gozag.
  8057 | D:7      | Found Laexij's Magic Scroll Shop.
  8067 | D:7      | Bought a scroll of enchant weapon for 82 gold pieces
  8067 | D:7      | Bought a scroll of fear for 44 gold pieces
  8067 | D:7      | Bought 3 scrolls of identify for 66 gold pieces
  8293 | D:7      | Reached XP level 10. HP: 49/52 MP: 0/0
  8318 | D:7      | Noticed Maggie
  8341 | D:7      | Killed Maggie
  8342 | D:7      | Reached skill level 8 in Spellcasting
  9040 | D:8      | Found Xikiteak's Weapon Shop.
  9075 | D:8      | Reached ** piety under Hepliaklqana
  9076 | D:8      | Remembered your ancestor Sinnashi as a knight
  9209 | D:8      | Noticed Erica
  9217 | D:8      | Killed Erica
  9464 | D:8      | Found Buck's Book Shoppe.
  9491 | D:8      | Reached skill level 9 in Spellcasting
 10122 | D:9      | Found a transporter.
 10122 | D:9      | Found a transporter.
 10146 | D:9      | Noticed a two-headed ogre
 10152 | D:9      | Reached *** piety under Hepliaklqana
 10153 | D:9      | Killed a two-headed ogre
 10296 | D:9      | Noticed a two-headed ogre
 10304 | D:9      | Killed a two-headed ogre
 10305 | D:9      | Reached skill level 5 in Dodging
 10305 | D:9      | Reached XP level 11. HP: 50/56 MP: 0/0
 10305 | D:9      | Learned a level 4 spell: Olgreb's Toxic Radiance
 10452 | D:9      | Found a runed translucent door.
 10463 | D:9      | Reached skill level 1 in Armour
 10479 | D:9      | Noticed Yogidamonk's ghost (novice DjFE)
 10527 | D:9      | Found a staircase to the Orcish Mines.
 10981 | D:9      | Found a burning altar of Makhleb.
 11292 | D:9      | Killed Yogidamonk's ghost
 11293 | D:9      | Reached skill level 10 in Spellcasting
 11506 | D:10     | Entered Level 10 of the Dungeon
 11630 | D:10     | Lost mutation: Your body sometimes deteriorates upon taking
                  | damage. [potion of mutation]
 11630 | D:10     | Lost mutation: You are frail. (-10% HP) [potion of
                  | mutation]
 11630 | D:10     | Lost mutation: You occasionally lose the ability to drink
                  | potions when taking damage. [potion of mutation]
 11630 | D:10     | Gained mutation: You have supernaturally acute eyesight.
                  | (SInv) [potion of mutation]
 11630 | D:10     | Gained mutation: You expend health (3 HP) to strengthen
                  | your wands. [potion of mutation]
 11630 | D:10     | Gained mutation: Your body sometimes deteriorates upon
                  | taking damage. [potion of mutation]
 11917 | D:10     | Reached **** piety under Hepliaklqana
 11917 | D:10     | Found a staircase to the Lair.
 11975 | D:10     | Noticed Josephine
 11993 | D:10     | Killed Josephine
 12222 | D:10     | Noticed Psyche
 12229 | D:10     | Killed Psyche
 12229 | D:10     | Noticed Harold
 12248 | D:10     | Killed Harold
 12374 | D:10     | Reached skill level 11 in Spellcasting
 12932 | D:11     | Noticed Erolcha
 12937 | D:11     | Killed Erolcha
 12938 | D:11     | Reached XP level 12. HP: 60/68 MP: 0/0
 13089 | D:11     | Noticed a two-headed ogre
 13099 | D:11     | Killed a two-headed ogre
 13613 | D:11     | Reached ***** piety under Hepliaklqana
 13918 | D:11     | Reached skill level 5 in Armour
 13974 | D:11     | Reached skill level 12 in Spellcasting
 14414 | D:12     | Noticed a boulder beetle
 14442 | D:12     | Killed a boulder beetle
 14948 | D:12     | Noticed a soul eater
 15273 | D:13     | Found a frozen archway.
 15423 | D:13     | Noticed a five-headed hydra
 15524 | IceCv    | Entered an ice cave
 16458 | IceCv    | Noticed a quicksilver ooze
 16468 | IceCv    | Killed a quicksilver ooze
 16469 | IceCv    | Reached skill level 1 in Long Blades
 16567 | IceCv    | Reached XP level 13. HP: 71/74 MP: 0/0
 16567 | IceCv    | Learned a level 5 spell: Silence
 17038 | IceCv    | Noticed a quicksilver ooze
 17044 | IceCv    | Killed a quicksilver ooze
 17045 | IceCv    | Reached skill level 13 in Spellcasting
 17071 | IceCv    | Slain by a very large slime creature

Illustrated notes

Levels and vault maps discovered:
D:1:      nicolae_arrival_washed_ashore, layout_rooms
D:2:      layout_basic, basic_altar, basic_ecumenical_altar, serial_shops,
          nicolae_shop_behind_doors
D:3:      layout_rooms
D:4:      layout_gridville
D:5:      nicolae_cairo_tiling_large_dashed, layout_basic,
          mainiacjoe_overflow_alcove_4, fedhas_bush_and_centaur_altar,
          uniq_pikel, uniq_crazy_yiuf_cottage, uniq_prince_ribbit1,
          uniq_blork_the_orc
D:6:      layout_loops_corners, mainiacjoe_overflow_chevrons,
          minmay_temple_entry_water_ring, kennysheep_generic_room_14
D:7:      layout_loops_ring, gammafunk_temple_overflow_elements, serial_shops,
          shop, nicolae_elevator_lobby_plus, uniq_maggie
D:8:      layout_basic, serial_shops, nicolae_square_shop,
          nicolae_stop_n_shop_2, nrook_mini_vaults, uniq_erica
D:9:      layout_irregular_city, mainiacjoe_overflow_cross_hatched, orc_0_dummy,
          ebering_ghost_reflecting_pool, nicolae_diode_stairs
D:10:     layout_irregular_city, dpeg_oklobed_lair, minivault_21, uniq_psyche,
          uniq_harold, uniq_josephine
D:11:     layout_rooms, hangedman_minor_magic, uniq_erolcha
D:12:     layout_long_grid, drop_trap
D:13:     layout_loops_corners, ximxim_vaults_locker_room,
          portal_ice_cave_entry_imps, hangedman_incinerator
Temple:   nicolae_temple_elliptical
IceCv:    ice_cave_hellmonk_azure_passage

Skill      XL: |  1  2  3  4  5  6  7  8  9 10 11 12 13 |
---------------+----------------------------------------+-----
Spellcasting   | 3 4 6 7 9 11 12 13 | 13.0
Ranged Weapons | 1 2 3 4 5 6 |  6.4
Fighting       | 1 2 3 4 |  4.1
Stealth        | 2 3 4 |  4.3
Dodging        | 3 5 |  5.9
Armour         | 4 5 |  5.9
Long Blades    | 1 |  1.6
Short Blades   | |  0.6

Action                   |  1- 3 |  4- 6 |  7- 9 | 10-12 | 13-15 || total
-------------------------+-------+-------+-------+-------+-------++-------
Melee: Dagger            |    15 |       |       |       |       ||    15
       Short sword       |     2 |       |       |       |       ||     2
       Long sword        |       |       |       |    14 |     5 ||    19
       Punch             |       |       |       |     1 |       ||     1
 Fire: Sling             |    30 |    62 |    17 |     9 |       ||   118
 Cast: Magic Dart        |    61 |     6 |    28 |    31 |       ||   126
       Foxfire           |     2 |    32 |    29 |    90 |    39 ||   192
       Call Imp          |       |     5 |    15 |    38 |     3 ||    61
       Mephitic Cloud    |       |     5 |    21 |    23 |       ||    49
       Static Discharge  |       |     3 |       |     1 |       ||     4
       Stone Arrow       |       |       |    20 |   131 |    10 ||   161
       Slow              |       |       |     4 |     4 |       ||     8
       Conjure Flame     |       |       |     2 |     1 |       ||     3
       Frozen Ramparts   |       |       |     1 |       |       ||     1
       Blink             |       |       |       |     6 |       ||     6
       Olgreb's Toxic Ra |       |       |       |     1 |       ||     1
Invok: Ancestor Life: Kn |       |       |       |     1 |       ||     1
  Use: Scroll            |       |       |    15 |     1 |       ||    16
       Potion            |       |       |    12 |     1 |       ||    13
Armor: Robe              |     2 |     5 |     3 |       |       ||    10
       Ring mail         |       |       |       |    23 |       ||    23
Dodge: Dodged            |    28 |    22 |    30 |    24 |     3 ||   107
